 Dungeon Crawl Stone Soup version 0.20.1-1-g8b1a95d (webtiles) character file.

136 mastercheaf21 the Covert (level 5, -5/34 HPs)
             Began as an Octopode Assassin on Nov 7, 2017.
             Slain by Terence
             ... wielding a +2 flail of protection
              (11 damage)
             ... on level 3 of the Dungeon.
             The game lasted 00:12:25 (2712 turns).

mastercheaf21 the Covert (Octopode Assassin)        Turns: 2712, Time: 00:12:26

Health: -5/34      AC:  1    Str: 10    XL:     5   Next: 19%
Magic:  5/5        EV: 13    Int: 14    God:
Gold:   157        SH:  3    Dex: 14    Spells: 4/4 levels left

rFire    . . .     SeeInvis +   a - +2 dagger
rCold    . . .     Gourm    .   (no shield)
rNeg     . . .     Faith    .   (helmet restricted)
rPois    .         Spirit   .   g - +3 amulet of reflection
rElec    .         Reflect  +   r - ring of see invisible
rCorr    .         Harm     .   (no ring)
MR       .....                  (no ring)
Stlth    +++++.....             (no ring)
Regen    0.2/turn               (no ring)
MPRegen  0.1/turn               (no ring)
                                (no ring)
                                (no ring)

@: no status effects
A: almost no armour, stealthy swim, amphibious, 8 rings, constrict 8, camouflage
1, gelatinous body 1
a: no special abilities


You were on level 3 of the Dungeon.
You were near starving.

You visited 1 branch of the dungeon, and saw 3 of its levels.

You collected 157 gold pieces.

Inventory:

Hand Weapons
 a - a +2 dagger (weapon)
 b - a +0 blowgun
Missiles
 c - 8 poisoned needles
 d - 2 curare-tipped needles
 s - 10 tomahawks (quivered)
Jewellery
 g - a +3 amulet of reflection (around mantle)
 r - a ring of see invisible (left tentacle)
Wands
 u - a wand of digging (12/24)
Scrolls
 e - 3 scrolls of remove curse {unknown}
 h - 3 scrolls of identify {unknown}
 k - 2 scrolls of teleportation {unknown}
 l - a scroll of magic mapping {unknown}
 o - a scroll of fog {unknown}
 y - 4 scrolls of enchant weapon {unknown}
 z - 2 scrolls of fear {unknown}
 A - a scroll of enchant armour {unknown}
Potions
 m - 3 potions of curing {unknown}
 n - a potion of magic {unknown}
 p - a potion of experience {unknown}
 q - 4 potions of agility {unknown}
 t - a potion of heal wounds {unknown}
 v - 3 potions of haste {unknown}
 w - 2 potions of degeneration {unknown}
 x - 2 potions of ambrosia {unknown}
 B - a potion of brilliance {unknown}
Comestibles
 f - a bread ration
 i - a meat ration
 j - 4 royal jellies


   Skills:
 - Level 2.0 Fighting
 - Level 2.0 Short Blades
 - Level 2.0 Throwing
 - Level 1.0 Dodging
 + Level 8.8 Stealth


You had 4 spell levels left.
You didn't know any spells.

Dungeon Overview and Level Annotations

Branches:
Dungeon (3/15)

Altars:
Ru
Xom

Annotations:
D:3 Terence


Innate Abilities, Weirdness & Mutations

You cannot wear most types of armour.
You are very stealthy in the water. (Stealth+)
You are amphibious.
You can wear up to eight rings at the same time.
You can use your tentacles to constrict eight enemies at once.
Your skin changes colour to match your surroundings (Stealth+).
Your rubbery body absorbs attacks. (AC +1, EV +1)


Message History

Terence is heavily wounded.
You constrict Terence. Terence hits you but does no damage.
You hit Terence but do no damage.
Terence is heavily wounded.
You constrict Terence, but do no damage.
You hit Terence but do no damage.
Terence is heavily wounded.
You constrict Terence, but do no damage.
Terence hits you with a flail of protection!
* * * LOW HITPOINT WARNING * * *
You hit Terence but do no damage.
Terence is heavily wounded.
You constrict Terence, but do no damage.
Terence hits you with a flail of protection.
* * * LOW HITPOINT WARNING * * *
You hit Terence. You squeeze Terence, but do no damage.
Terence is severely wounded.
You constrict Terence.
Terence hits you with a flail of protection!
You die...

##########
#........#
#........#
#.....@@.# ##
#........#
.####
####........#
.....
......>.#####
.##
####....####
#.#
#.....#.###
.#.
#.#.#.#.#..#
#.#
#.#.#.#.#.#.#
.#.#
########.#..#


You could see Terence.

Vanquished Creatures
  An orc wizard (D:3)
  3 adders
  3 worms (D:2)
  2 dart slugs
  2 leopard geckos (D:2)
  2 orcs (D:3)
  A ball python (D:3)
  4 giant cockroaches
  10 goblins
  8 hobgoblins
  4 jackals
  8 bats
  4 frilled lizards
  3 kobolds
  6 rats
61 creatures vanquished.

Notes
Turn   | Place    | Note
-------+----------+-------------------------------------------
     0 | D:1      | mastercheaf21 the Octopode Assassin began the quest for the Orb.
     0 | D:1      | Reached XP level 1. HP: 14/14 MP: 1/1
   363 | D:1      | Reached XP level 2. HP: 19/19 MP: 2/2
   369 | D:1      | Reached skill level 6 in Stealth
   657 | D:1      | Reached XP level 3. HP: 24/24 MP: 3/3
  1065 | D:2      | Reached skill level 7 in Stealth
  1392 | D:2      | Reached XP level 4. HP: 24/29 MP: 4/4
  1867 | D:2      | Reached skill level 8 in Stealth
  1913 | D:2      | Found a shimmering altar of Xom.
  1913 | D:2      | Found a sacrificial altar of Ru.
  2056 | D:3      | Reached XP level 5. HP: 10/34 MP: 5/5
  2690 | D:3      | Noticed Terence
  2712 | D:3      | Slain by Terence

Skill      XL: |  1  2  3  4 |
---------------+-------------+-----
Stealth        | 6 7 8 |  8.8
Fighting       | |  2.0
Short Blades   | |  2.0
Throwing       | |  2.0
Dodging        | |  1.0

Action                   |  1- 3 |  4- 6 || total
-------------------------+-------+-------++-------
Melee: Dagger            |    78 |    69 ||   147
       Constrict         |    13 |    13 ||    26
       Tentacles         |    13 |    12 ||    25
 Stab: Sleeping          |    12 |     9 ||    21
  Eat: Chunk             |     1 |     3 ||     4
Armor: Skin              |     7 |       ||     7
Dodge: Dodged            |    43 |    22 ||    65
Block: Other             |     4 |     1 ||     5
